 Dungeon Crawl Stone Soup version 0.29-a0-841-g116ddc6ace (webtiles) character file.

Game seed: 1483788883922042045

876 mathmaestro the Purveyor of Pain (level 7, -13/55 HPs)
             Began as a Demonspawn Necromancer on July 15, 2022.
             Was an Initiate of Kikubaaqudgha.
             Mangled by an ogre
             ... wielding a +0 giant spiked club
              (22 damage)
             ... on level 4 of the Dungeon.
             The game lasted 00:13:29 (5339 turns).

mathmaestro the Purveyor of Pain (DsNe)             Turns: 5339, Time: 00:13:32

Health: -13/55     AC:  4    Str:  9    XL:     7   Next: 74%
Magic:  8/14       EV: 12    Int: 18    God:    Kikubaaqudgha [......]
Gold:   127        SH:  4    Dex: 13    Spells: 2/15 levels left

rFire   . . .      SeeInvis .   s - staff of death
rCold   . . .      Faith    .   (no shield)
rNeg    + . .      Spirit   .   a - +0 robe
rPois   .          Reflect  .   (no helmet)
rElec   .          Harm     .   h - +1 cloak
rCorr   .          Rampage  .   (no gloves)
Will    +....                   (no boots)
Stlth   ++........              (no amulet)
HPRegen 0.18/turn               f - ring of willpower
MPRegen 0.28/turn               (no ring)

@: no status effects
A: large bone plates 1, magic regeneration, demonic magic 1
a: Renounce Religion


You were on level 4 of the Dungeon.
You worshipped Kikubaaqudgha.
Kikubaaqudgha was noncommittal.
You visited 2 branches of the dungeon, and saw 5 of its levels.

You collected 277 gold pieces.
You spent 150 gold pieces at shops.

Inventory:

Hand Weapons
 j - a +3 dagger of venom
 o - the +5 falchion "Ybbur" {elec, rF+ rC+ Int-5 SInv}
   (You took it off an orc on level 3 of the Dungeon)

   It occasionally discharges a powerful burst of electricity upon striking a
   foe.
   Int:       It affects your intelligence (-5).
   rF:        It protects you from fire.
   rC:        It protects you from cold.
   SInv:      It lets you see invisible.
Missiles
 n - a throwing net
Armour
 a - a +0 robe (worn)
 h - a +1 cloak (worn)
Magical Staves
 s - a staff of death (weapon)
Jewellery
 f - a ring of willpower (left hand)
Scrolls
 d - a scroll of blinking
 e - 2 scrolls of silence
 k - 2 scrolls of teleportation
 p - a scroll of enchant armour
Potions
 b - 2 potions of magic
 c - a potion of mutation
 g - a potion of berserk rage {unknown}
 i - a potion of brilliance {unknown}
 l - 2 potions of curing
 m - a potion of heal wounds {unknown}
 q - a potion of degeneration {unknown}
 r - a potion of flight {unknown}


   Skills:
 + Level 4.5 Fighting
 - Level 2.0 Armour
 - Level 2.0 Dodging
 - Level 2.0 Stealth
 + Level 4.8 Spellcasting
 + Level 6.8 Necromancy


You had 2 spell levels left.
You knew the following spells:

 Your Spells              Type           Power      Damage    Failure   Level
a - Necrotise             Necr           100%       1d9       1%          1
b - Vampiric Draining     Necr           43%        2d9       2%          3
c - Animate Dead          Necr           43%        N/A       8%          4
d - Agony                 Necr           43%        N/A       22%         5

Your spell library contained the following spells:

 Spells                   Type           Power      Damage    Failure   Level
 Slow                     Hex            16%        N/A       14%         1
 Confusing Touch          Hex            4%         N/A       38%         3
 Summon Forest            Summ/Tloc      2%         N/A       98%         5
 Summon Mana Viper        Hex/Summ       4%         N/A       98%         5
 Yara's Violent Unravell  Hex/Tmut       2%         3d3       98%         5
 Summon Cactus Giant      Summ           2%         N/A       100%        6
 Enfeeble                 Hex            2%         N/A       100%        7


Dungeon Overview and Level Annotations

Branches:
Dungeon (4/15)             Temple (1/1) D:4

Altars:
Cheibriados
Dithmenos
Fedhas
Gozag
Hepliaklqana
Kikubaaqudgha
Makhleb
Okawaru
Qazlal
Ru
Sif Muna
Uskayaw
Vehumet
Wu Jian
Xom

Shops:
D:4 ?


Innate Abilities, Weirdness & Mutations

You are partially covered in large bone plates. (SH +4)
You regenerate magic rapidly.
Spells you cast may paralyse adjacent enemies.


Message History

Confirm with . or Enter, or press ? or * to list all spells.
The spell is quite dangerous to miscast (22% risk of failure)!
Continue anyway?
Okay, then.
Casting: Agony (quite dangerous; 22% risk of failure)
Confirm with . or Enter, or press ? or * to list all spells.
Aiming: Vampiric Draining (dangerous; 2% risk of failure)
Press: ? - help, Shift-Dir - straight line, f/p - ogre
Aim: an ogre, wielding a +0 giant spiked club (lightly wounded)
You feel a surge of power!
You draw life force from the ogre!
You feel life coursing into your body. Malevolent energies surge around you.
The ogre suddenly stops moving!
Casting: Vampiric Draining (dangerous; 2% risk of failure)
Confirm with . or Enter, or press ? or * to list all spells.
Okay, then.
Unknown command.
The helpless ogre fails to defend itself.
You hit the ogre but do no damage.
The ogre is moderately wounded.
The helpless ogre fails to defend itself.
You hit the ogre.
The ogre is heavily wounded.
The helpless ogre fails to defend itself.
You hit the ogre.
The ogre is heavily wounded.
The helpless ogre fails to defend itself.
You hit the ogre.
The ogre writhes in agony.
The ogre is severely wounded.
The ogre is no longer paralysed.
The ogre hits you with a +0 giant spiked club!!
* * * LOW HITPOINT WARNING * * *
Casting: Vampiric Draining (dangerous; 2% risk of failure)
Confirm with . or Enter, or press ? or * to list all spells.
Aiming: Vampiric Draining (dangerous; 2% risk of failure)
Press: ? - help, Shift-Dir - straight line, f/p - ogre
Aim: an ogre, wielding a +0 giant spiked club (severely wounded)
You feel a surge of power!
You draw life force from the ogre.
You feel life coursing into your body. Malevolent energies surge around you.
The ogre hits you with a +0 giant spiked club!!
You die...
Kikubaaqudgha rasps: "You have failed me!
Welcome... death!"

#....................#
#....)...##.#####.####
#........##..#.......#
#...####....)#.##.##.#
##### #####.#.#...#.#
#..∩..#..##.#
###.#.#.#..<#.#
#.....#.#O....#
#....##.@...###
#.....#....##
#)....##...#
####.....###..#
#.[...)....)..#
######.###.[...##..#
.....#..##..##.##..#
##.#.##)##.)...#..>#
#.#.##.##...###.###


You could see an ogre.

Vanquished Creatures
  Sigmund (D:4)
  Menkaure (D:4)
  2 necrophages (D:4)
  4 orc priests
  2 jellies (D:4)
  An iguana (D:4)
  3 orc wizards (D:3)
  3 gnolls (D:3)
  6 adders
  An ufetubus (D:4)
  2 worms
  A dart slug (D:1)
  12 orcs
  3 endoplasms
  3 giant cockroaches
  6 goblins
  9 hobgoblins
  2 quokkas
  2 ball pythons
  6 bats
  2 frilled lizards
  5 kobolds
  9 rats
86 creatures vanquished.

Vanquished Creatures (collateral kills)
  An adder (D:4)
  A worm (D:2)
  An orc (D:3)
  2 endoplasms
  A giant cockroach (D:1)
  A goblin (D:4)
7 creatures vanquished.

Grand Total: 93 creatures vanquished

Notes
Turn   | Place    | Note
-------+----------+-------------------------------------------
     0 | D:1      | mathmaestro the Demonspawn Necromancer began the quest for
                  | the Orb.
     0 | D:1      | Reached XP level 1. HP: 13/13 MP: 3/3
     2 | D:1      | Noticed a tengu
     4 | D:1      | Noticed a dwarf
     7 | D:1      | Noticed a demonspawn zombie
    13 | D:1      | Noticed a vine stalker
    15 | D:1      | Noticed an octopode
    15 | D:1      | Noticed a tengu
    17 | D:1      | Noticed a formicid
    19 | D:1      | Noticed a merfolk zombie
    21 | D:1      | Noticed a barachi
   396 | D:1      | Gained mutation: You regenerate magic rapidly. [demonic
                  | ancestry]
   396 | D:1      | Reached XP level 2. HP: 19/19 MP: 3/5
   769 | D:1      | Found a faded altar of an unknown god.
   782 | D:1      | Got Plato's Cyclopedia of Guile
  1262 | D:2      | Reached XP level 3. HP: 25/25 MP: 1/6
  1315 | D:2      | Reached skill level 1 in Fighting
  1412 | D:2      | Reached skill level 1 in Armour
  1874 | D:2      | Gained mutation: You are partially covered in large bone
                  | plates. (SH +4) [demonic ancestry]
  1874 | D:2      | Reached XP level 4. HP: 32/32 MP: 2/7
  2444 | D:3      | Learned a level 3 spell: Vampiric Draining
  2449 | D:3      | Learned a level 4 spell: Animate Dead
  2533 | D:3      | Reached skill level 5 in Necromancy
  2545 | D:3      | Reached XP level 5. HP: 32/38 MP: 0/9
  2772 | D:3      | Reached XP level 6. HP: 20/46 MP: 1/11
  3367 | D:3      | Identified the +5 falchion "Ybbur" {elec, rF+ rC+ Int-5
                  | SInv}
  3437 | D:3      | Found an iron altar of Okawaru.
  3911 | D:4      | Found Wyuriseg's Magic Scroll Shop.
  3920 | D:4      | Bought a scroll of teleportation for 36 gold pieces
  3920 | D:4      | Bought a scroll of blinking for 90 gold pieces
  3920 | D:4      | Bought a scroll of identify for 24 gold pieces
  4148 | D:4      | Reached skill level 6 in Necromancy
  4226 | D:4      | Gained mutation: Spells you cast may paralyse adjacent
                  | enemies. [demonic ancestry]
  4226 | D:4      | Reached XP level 7. HP: 47/52 MP: 11/13
  4262 | D:4      | Found a staircase to the Ecumenical Temple.
  4270 | Temple   | Entered the Ecumenical Temple
  4630 | D:4      | Found an ancient bone altar of Kikubaaqudgha.
  4641 | D:4      | Became a worshipper of Kikubaaqudgha
  4827 | D:4      | Noticed Menkaure
  4833 | D:4      | Killed Menkaure
  5171 | D:4      | Noticed Sigmund
  5190 | D:4      | Killed Sigmund
  5223 | D:4      | Learned a level 5 spell: Agony
  5339 | D:4      | Mangled by an ogre

Illustrated notes

Levels and vault maps discovered:
D:1:      shiori_arrival_whats_in_store_for_you, layout_basic, serial_curves,
          eino_curves_01, eino_curves_02, shapermc_ecumenical_altar_rom_forum,
          bh_walls_and_bars
D:2:      layout_basic
D:3:      cheibrodos_pilgrimage, layout_loops_ring, kennysheep_okawaru_gauntlet
D:4:      cheibrodos_quashed, layout_basic, lemuel_tele_altar,
          minmay_temple_entry_statues_pillars, serial_shops,
          nicolae_shop_crystal, uniq_menkaure, uniq_sigmund
Temple:   regret_index_temple_generic_petals

Skill      XL: |  1  2  3  4  5  6  7 |
---------------+----------------------+-----
Stealth        | 2 |  2.0
Dodging        | 2 |  2.0
Fighting       | 1 2 3 4 |  4.5
Armour         | 1 2 |  2.0
Necromancy     | 5 6 |  6.8
Spellcasting   | 3 4 |  4.8

Action                   |  1- 3 |  4- 6 |  7- 9 || total
-------------------------+-------+-------+-------++-------
Melee: Unarmed           |     1 |       |       ||     1
       Short sword       |    19 |       |       ||    19
       Dagger            |       |    46 |     8 ||    54
       Punch             |       |     2 |       ||     2
       Falchion          |       |     6 |     5 ||    11
       Staff             |       |       |    20 ||    20
 Cast: Necrotise         |    73 |    73 |    23 ||   169
       Vampiric Draining |       |     1 |     4 ||     5
  Use: Scroll            |     6 |     3 |     1 ||    10
 Stab: Distracted        |       |     1 |       ||     1
       Paralysed         |       |       |     4 ||     4
Armor: Robe              |     3 |    18 |     9 ||    30
Dodge: Dodged            |    19 |    33 |    16 ||    68
Block: Other             |       |    11 |     2 ||    13

Table legend: (Time is in decaauts)
 A = Elapsed time spent in this place.
 B = Non-inter-level travel time spent in this place.
 C = Inter-level travel time spent in this place.
 D = Time resting spent in this place.
 E = Time spent auto-exploring this place.
 F = Levels seen in this place.
 G = Mean time per level.
                   A        B        C        D        E       F      G
               +--------+--------+--------+--------+--------+-----+--------+
         Total |   5343 |   5261 |     82 |   1382 |   3043 |   5 | 1068.6 |
       Dungeon |   5140 |   5083 |     57 |   1382 |   2866 |   4 | 1285.0 |
        Temple |    203 |    178 |     25 |      0 |    177 |   1 |  203.0 |
               +--------+--------+--------+--------+--------+-----+--------+

Top non-repeatable levels by time:
     D:4: 1523 daAuts
     D:1: 1238 daAuts
     D:3: 1205 daAuts
     D:2: 1173 daAuts
  Temple: 203 daAuts
